 Dungeon Crawl Stone Soup version 0.27-a0-1196-g3e9cee4cb2 (webtiles) character file.

Game seed: 6308387173814895280

140 Essalna the Digger (level 5, 0/28 HPs)
             Began as a Gargoyle Earth Elementalist on May 27, 2021.
             Slain by a gnoll sergeant
             ... wielding a +2 spear of electrocution
              (12 damage)
             ... on level 3 of the Dungeon.
             The game lasted 00:06:03 (2073 turns).

Essalna the Digger (Gargoyle Earth Elementalist)    Turns: 2073, Time: 00:06:04

Health: 0/28       AC:  6    Str: 11    XL:     5   Next: 23%
Magic:  5/10       EV: 11    Int: 17    God:
Gold:   130        SH:  0    Dex: 10    Spells: 6/10 levels left

rFire    . . .     SeeInvis .   d - +0 dagger (spect)
rCold    . . .     Faith    .   (no shield)
rNeg     + + .     Spirit   .   c - +0 robe
rPois    ∞         Reflect  .   (no helmet)
rElec    +         Harm     .   (no cloak)
rCorr    .         Rampage  .   (no gloves)
Will     .....                  (no boots)
Stlth    ++........             g - amulet of regeneration
HPRegen  1.09/turn              a - ring of positive energy
MPRegen  0.12/turn              (no ring)

@: brilliant
A: sickness immunity, AC +4, negative energy resistance 1, electricity
resistance, torment resistance 1, petrification resistance
a: no special abilities


You were on level 3 of the Dungeon.
You visited 1 branch of the dungeon, and saw 3 of its levels.

You collected 130 gold pieces.

Inventory:

Hand Weapons
 d - a +0 spectral dagger (weapon)
Missiles
 b - 62 stones
Armour
 c - a +0 robe (worn)
Jewellery
 a - a ring of positive energy (left hand)
 g - an amulet of regeneration (around neck)
Scrolls
 h - a scroll of amnesia
 l - a scroll of vulnerability
Potions
 e - a potion of lignification
 i - 3 potions of flight
 n - a potion of resistance


   Skills:
 - Level 1.5 Dodging
 - Level 2.1 Stealth
 + Level 3.4 Spellcasting
 + Level 2.1 Conjurations
 - Level 0.7 Transmutations
 + Level 5.1 Earth Magic


You had 6 spell levels left.
You knew the following spells:

 Your Spells              Type           Power      Damage    Failure   Level
a - Sandblast             Erth           60%        2d14      1%          1
b - Stone Arrow           Conj/Erth      44%        3d9       11%         3

Your spell library contained the following spells:

 Spells                   Type           Power      Damage    Failure   Level
 Passwall                 Tmut/Erth      15%        N/A       8%          2
 Confusing Touch          Hex            4%         N/A       45%         3
 Gell's Gravitas          Tloc           2%         N/A       45%         3
 Petrify                  Tmut/Erth      19%        N/A       45%         4
 Lee's Rapid Deconstruct  Erth           15%        3d11*     50%         5
 Metabolic Englaciation   Hex/Ice        2%         N/A       99%         5
 Yara's Violent Unravell  Hex/Tmut       3%         3d4       99%         5


Dungeon Overview and Level Annotations

Branches:
Dungeon (3/15)

Altars:
Dithmenos

Annotations:
D:3 1 transporter


Innate Abilities, Weirdness & Mutations

You are immune to sickness and miasma.
Your stone body is resilient. (AC +4)
You are immune to poison.
You resist negative energy. (rN+)
You are resistant to electric shocks. (rElec)
You are resistant to unholy torment.
You are immune to petrification.


Message History

Casting: Sandblast (safe; 1% risk of failure)
Confirm with . or Enter, or press ? or * to list all spells.
Aiming: Sandblast (safe; 1% risk of failure)
Press: ? - help, Shift-Dir - straight line, f/p - gnoll sergeant
Aim: a gnoll sergeant, wielding a +2 spear of electrocution, wearing a +3 ring mail and wearing a +0 buckler (86% to hit)
The blast of sand hits the gnoll sergeant but does no damage.
The gnoll hits the plant with a +0 vampiric spear.
The gnoll sergeant hits you from afar with a +2 spear of electrocution.
Casting: Sandblast (safe; 1% risk of failure)
Confirm with . or Enter, or press ? or * to list all spells.
Aiming: Sandblast (safe; 1% risk of failure)
Press: ? - help, Shift-Dir - straight line, f/p - gnoll sergeant
Aim: a gnoll sergeant, wielding a +2 spear of electrocution, wearing a +3 ring mail and wearing a +0 buckler (86% to hit)
The blast of sand hits the gnoll sergeant but does no damage.
The gnoll hits the plant with a +0 vampiric spear.
The gnoll sergeant closely misses you.
The gnoll hits the plant with a +0 halberd.
Casting: Sandblast (safe; 1% risk of failure)
Confirm with . or Enter, or press ? or * to list all spells.
Aiming: Sandblast (safe; 1% risk of failure)
Press: ? - help, Shift-Dir - straight line, f/p - gnoll sergeant
Aim: a gnoll sergeant, wielding a +2 spear of electrocution, wearing a +3 ring mail and wearing a +0 buckler (86% to hit)
The gnoll sergeant blocks the blast of sand.
A nearby plant withers and dies.
The gnoll sergeant hits you but does no damage.
Casting: Sandblast (safe; 1% risk of failure)
Confirm with . or Enter, or press ? or * to list all spells.
Aiming: Sandblast (safe; 1% risk of failure)
Press: ? - help, Shift-Dir - straight line, f/p - gnoll sergeant
Aim: a gnoll sergeant, wielding a +2 spear of electrocution, wearing a +3 ring mail and wearing a +0 buckler (86% to hit)
The blast of sand hits the gnoll sergeant but does no damage.
The gnoll sergeant hits you from afar with a +2 spear of electrocution!
Ouch! That really hurt!
* * * LOW HITPOINT WARNING * * *
It was a potion of curing.
You feel better.
The gnoll sergeant hits you from afar with a +2 spear of electrocution.
It was a potion of brilliance.
You feel clever all of a sudden.
The gnoll sergeant hits you from afar with a +2 spear of electrocution!
You die...

≈≈≈≈≈≈≈≈≈≈≈≈≈≈≈≈≈≈≈≈≈..#
≈≈≈≈≈≈≈≈≈≈≈≈≈≈≈≈≈≈≈≈≈..#
###...........#####≈≈..#
8.#.###.©.###.#.8.#≈≈..#
..###.#####.###...#≈≈..###
#.g.............###≈≈....# # #
#.######'###'##.#8.≈≈..#.# .###
#.# #8..#./g#.##.≈≈.##.####.##§
..+ #⌠©....gg.@#.≈≈.##......#§.
#.#. #8..#P.g#.##.≈≈...........§
#.######'###'##.#8.≈≈............
#...............###≈≈.........§§§
..###.#####©###...#≈≈.........#§§
8g#.###.©.###.#.8.#≈≈.........##§
###...........#####≈≈.#.......###
≈≈≈≈≈≈≈...≈≈≈≈≈≈≈≈≈≈≈.........###
≈≈≈≈≈≈≈...≈≈≈≈≈≈≈≈≈≈≈............


You could see a gnoll sergeant and 3 gnolls.

Vanquished Creatures
  5 gnolls
  2 adders
  A worm (D:3)
  2 orcs (D:3)
  3 ball pythons
  6 endoplasms
  2 giant cockroaches
  9 goblins
  7 hobgoblins
  4 jackals (D:1)
  4 quokkas
  4 bats
  3 frilled lizards
  8 kobolds
  4 rats
64 creatures vanquished.

Vanquished Creatures (others)
  5 plants (D:3)
5 creatures vanquished.

Grand Total: 69 creatures vanquished

Notes
Turn   | Place    | Note
-------+----------+-------------------------------------------
     0 | D:1      | Essalna the Gargoyle Earth Elementalist began the quest for
                  | the Orb.
     0 | D:1      | Reached XP level 1. HP: 10/10 MP: 3/3
   132 | D:1      | Reached skill level 4 in Earth Magic
   132 | D:1      | Reached XP level 2. HP: 15/15 MP: 1/5
   838 | D:2      | Reached XP level 3. HP: 15/19 MP: 4/6
   867 | D:2      | Learned a level 3 spell: Stone Arrow
  1220 | D:2      | Reached skill level 1 in Conjurations
  1220 | D:2      | Reached XP level 4. HP: 19/24 MP: 3/8
  1636 | D:3      | Found a shadowy altar of Dithmenos.
  1763 | D:3      | Reached skill level 5 in Earth Magic
  1868 | D:3      | Reached XP level 5. HP: 28/28 MP: 9/9
  2038 | D:3      | Found a transporter.
  2044 | D:3      | Found a transporter.
  2073 | D:3      | Slain by a gnoll sergeant

Illustrated notes

Levels and vault maps discovered:
D:1:      lightli_arrival_statue_moat, layout_rooms
D:2:      wander_river, layout_basic
D:3:      corexii_shack_village, layout_rooms, nicolae_dithmenos_the_darkroom,
          gammafunk_ghost_gnarly_gnolls

Skill      XL: |  1  2  3  4  5 |
---------------+----------------+-----
Earth Magic    | 4 5 |  5.1
Spellcasting   | 3 |  3.4
Conjurations   | 1 2 |  2.1
Dodging        | |  1.5
Stealth        | |  2.1
Transmutations | |  0.7

Action                   |  1- 3 |  4- 6 || total
-------------------------+-------+-------++-------
Melee: Unarmed           |     7 |       ||     7
       Dagger            |    53 |    84 ||   137
 Cast: Sandblast         |    26 |    15 ||    41
  Use: Scroll            |       |     7 ||     7
       Potion            |       |     2 ||     2
 Stab: Sleeping          |     2 |     2 ||     4
       Distracted        |       |     1 ||     1
Armor: Robe              |    25 |    26 ||    51
Dodge: Dodged            |    59 |    46 ||   105

Table legend: (Time is in decaauts)
 A = Elapsed time spent in this place.
 B = Non-inter-level travel time spent in this place.
 C = Inter-level travel time spent in this place.
 D = Time resting spent in this place.
 E = Time spent auto-exploring this place.
 F = Levels seen in this place.
 G = Mean time per level.
                   A        B        C        D        E       F      G
               +--------+--------+--------+--------+--------+-----+--------+
         Total |   2098 |   2025 |     73 |      0 |   1554 |   3 |  699.3 |
       Dungeon |   2098 |   2025 |     73 |      0 |   1554 |   3 |  699.3 |
               +--------+--------+--------+--------+--------+-----+--------+

Top non-repeatable levels by time:
     D:2: 859 daAuts
     D:1: 782 daAuts
     D:3: 456 daAuts
